 Dungeon Crawl Stone Soup version 0.23-a0-730-g0b75920 (webtiles) character file.

270 MalarOregon the Poker (level 6, -2/47 HPs)
             Began as a Merfolk Skald on Jan 17, 2019.
             Was an Initiate of Ashenzari.
             Slain by Crazy Yiuf
             ... wielding a +3 quarterstaff of chaos
              (5 damage)
             ... on level 3 of the Dungeon.
             The game lasted 00:08:44 (4198 turns).

MalarOregon the Poker (Merfolk Skald)               Turns: 4198, Time: 00:08:45

Health: -2/47      AC: 10    Str: 11    XL:     6   Next: 22%
Magic:  10/10      EV: 10    Int: 19    God:    Ashenzari [......]
Gold:   153        SH:  0    Dex: 14    Spells: 9/10 levels left

rFire    . . .     SeeInvis .   a - +0 spear
rCold    . . .     Gourm    .   (no shield)
rNeg     . . .     Faith    .   o - +3 scale mail {MR+}
rPois    .         Spirit   .   (no helmet)
rElec    .         Reflect  .   q - +0 cloak
rCorr    .         Harm     .   (no gloves)
MR       +....                  (no boots)
Stlth    ..........             (no amulet)
HPRegen  0.15/turn              d - ring of flight
MPRegen  0.12/turn              (no ring)

@: brilliant, lethally poisoned (-2 -> -15)
A: change form in water, swift swim, stealthy swim
a: Curse Item, Renounce Religion, Evoke Flight


You were on level 3 of the Dungeon.
You worshipped Ashenzari.
Ashenzari was noncommittal.
You were not hungry.

You visited 1 branch of the dungeon, and saw 3 of its levels.

You collected 153 gold pieces.

Inventory:

Hand Weapons
 a - a +0 spear (weapon)
 b - a +0 hunting sling
   (You found it on level 1 of the Dungeon)
 r - a +0 glaive
   (You found it on level 3 of the Dungeon)
Missiles
 i - 29 sling bullets
 t - 2 tomahawks (quivered)
Armour
 o - a +3 scale mail of magic resistance (worn)
   (You took it off Ijyb on level 3 of the Dungeon)
 q - a +0 cloak (worn)
   (You found it on level 3 of the Dungeon)
Jewellery
 d - a ring of flight (left hand)
   (You found it on level 1 of the Dungeon)
Wands
 s - a wand of clouds (6)
   (You found it on level 3 of the Dungeon)
 v - a wand of digging (4)
   (You found it on level 3 of the Dungeon)
Scrolls
 c - 4 scrolls of remove curse {@r2}
 f - 2 scrolls of enchant armour {unknown}
 g - 3 scrolls of identify {unknown}
 j - a scroll of blinking {unknown}
 m - 2 scrolls of teleportation {unknown}
 n - 2 scrolls of magic mapping {unknown}
 p - a scroll of noise {unknown}
Potions
 h - a potion of brilliance
 k - a potion of cancellation {unknown}
Comestibles
 e - 6 rations {!d}


   Skills:
 + Level 3.1 Fighting
 * Level 5.7 Polearms
 + Level 2.0 Throwing
 + Level 1.7 Armour
 + Level 3.7 Dodging
 + Level 2.8 Spellcasting
 - Level 3.2 Charms


You had 9 spell levels left.
You knew the following spells:

 Your Spells              Type           Power        Failure   Level  Hunger
a - Infusion              Chrm           ####         3%          1    None

Your spell library contained the following spells:

 Spells                   Type           Power        Failure   Level  Hunger
 Song of Slaying          Chrm           ####....     4%          2    ##.....
 Shroud of Golubria       Chrm/Tloc      ###.......   8%          2    ##.....
 Regeneration             Chrm/Necr      ###.......   14%         3    ###....
 Spectral Weapon          Hex/Chrm       ###.....     14%         3    ###....


Dungeon Overview and Level Annotations

Branches:
Dungeon (3/15)

Altars:
Ashenzari
Gozag
Okawaru

Annotations:
D:3 Crazy Yiuf


Message History

You are poisoned.
You hit Crazy Yiuf but do no damage.
You feel sick.
Crazy Yiuf hits you with a +3 quarterstaff of chaos.
You hit Crazy Yiuf but do no damage.
You feel sick.
Unknown command.
You barely miss Crazy Yiuf. Crazy Yiuf closely misses you.
Unknown command.
You barely miss Crazy Yiuf.
You feel sick.
Crazy Yiuf hits you with a +3 quarterstaff of chaos.
You hit Crazy Yiuf. Crazy Yiuf closely misses you.
You hit Crazy Yiuf. Crazy Yiuf hits you but does no damage.
You are more poisoned.
You hit Crazy Yiuf.
You feel sick.
You hit Crazy Yiuf.
You feel sick. Crazy Yiuf hits you but does no damage.
You hit Crazy Yiuf.
You feel sick.
Crazy Yiuf hits you with a +3 quarterstaff of chaos.
You are more poisoned.
You hit Crazy Yiuf.
You feel sick.
You closely miss Crazy Yiuf.
You feel sick. Crazy Yiuf hits you but does no damage.
You suddenly lose the ability to move!
You feel sick.
Crazy Yiuf hits you with a +3 quarterstaff of chaos!
* * * LOW HITPOINT WARNING * * *
Crazy Yiuf burns you.
* * * LOW HITPOINT WARNING * * *
You feel sick.
Crazy Yiuf hits you with a +3 quarterstaff of chaos!
* * * LOW HITPOINT WARNING * * *
Crazy Yiuf burns you.
* * * LOW HITPOINT WARNING * * *
* * * LOW HITPOINT WARNING * * *
You feel sick.
Crazy Yiuf screams, "Papa!"
Crazy Yiuf hits you but does no damage.
* * * LOW HITPOINT WARNING * * *
You feel sick. Crazy Yiuf hits you but does no damage.
You are more poisoned.
You can move again.
Unknown command.
Unknown command.
Unknown command.
Unknown command.
* * * LOW HITPOINT WARNING * * *
You feel sick.
It was a potion of brilliance.
You feel clever all of a sudden.
* * * LOW HITPOINT WARNING * * *
You feel sick.
Crazy Yiuf hits you with a +3 quarterstaff of chaos.
You die...

#.##..................### #....#
#.##...................(######..#
..##.......(..................)..
.##.....###################......
.##.....# ######. ###.##### ####
#### ..[....###♣♣ #### #..## #...
...###.....♣♣ ♣♣#..)# ##..# #...
..## #....PP♣♣♣♣@g...# ##.###...
..# ##......♣..♣#...# #.......
### ##....♣.♣♣♣ #### #####...
###♣♣♣♣♣ #... #... #<.. #... ####


You could see Crazy Yiuf.

Vanquished Creatures
  An orc priest (D:2)
  An orc wizard (D:2)
  Jessica (D:3)
  Ijyb (D:3)
  A worker ant zombie (D:3)
  A gnoll (D:3)
  5 adders
  An adder zombie (D:2)
  A worm (D:2)
  5 dart slugs
  A leopard gecko (D:3)
  3 orcs
  4 giant cockroaches
  10 goblins
  7 hobgoblins
  4 jackals (D:3)
  8 kobolds
  A ball python (D:3)
  A ball python zombie (D:2)
  11 bats
  6 frilled lizards
  7 rats
  3 withered plants (D:2)
84 creatures vanquished.

Notes
Turn   | Place    | Note
-------+----------+-------------------------------------------
     0 | D:1      | MalarOregon the Merfolk Skald began the quest for the Orb.
     0 | D:1      | Reached XP level 1. HP: 16/16 MP: 3/3
   211 | D:1      | Reached XP level 2. HP: 13/22 MP: 5/5
   515 | D:1      | Reached skill level 1 in Armour
   529 | D:1      | Reached XP level 3. HP: 21/28 MP: 6/6
   622 | D:1      | Reached skill level 4 in Polearms
  1410 | D:2      | Reached skill level 1 in Throwing
  1426 | D:2      | Reached XP level 4. HP: 23/34 MP: 7/7
  2034 | D:2      | Found a shattered altar of Ashenzari.
  2249 | D:2      | Became a worshipper of Ashenzari the Shackled
  2596 | D:3      | Found an opulent altar of Gozag.
  2609 | D:3      | Noticed Ijyb
  2613 | D:3      | Paralysed by Ijyb for 2 turns
  2621 | D:3      | Paralysed by Ijyb for 3 turns
  2629 | D:3      | Paralysed by Ijyb for 2 turns
  2641 | D:3      | Paralysed by Ijyb for 6 turns
  2680 | D:3      | Killed Ijyb
  2680 | D:3      | Reached XP level 5. HP: 31/39 MP: 8/8
  2738 | D:3      | Reached skill level 5 in Polearms
  3749 | D:3      | Reached XP level 6. HP: 43/47 MP: 10/10
  3784 | D:3      | Found an iron altar of Okawaru.
  4138 | D:3      | Noticed Jessica
  4141 | D:3      | Killed Jessica
  4174 | D:3      | Found a runed door.
  4178 | D:3      | Noticed Crazy Yiuf
  4192 | D:3      | Paralysed by Crazy Yiuf for 4 turns
  4198 | D:3      | Slain by Crazy Yiuf

Vault maps used:
D:1:      minmay_arrival_nine_rooms
D:2:      evilmike_ruin_ashenzari, first_ration, serial_undead, serial_undead_f,
          serial_undead_f, serial_undead_e, serial_undead_f
D:3:      okawaru_altar_gauntlet_db, grunt_gozag_statues, uniq_ijyb,
          uniq_jessica, uniq_crazy_yiuf_cottage

Skill      XL: |  1  2  3  4  5  6 |
---------------+-------------------+-----
Armour         | 1 |  1.7
Polearms       | 4 5 |  5.7
Dodging        | 3 |  3.7
Throwing       | 1 2 |  2.0
Fighting       | 3 |  3.1
Spellcasting   | |  2.8
Charms         | |  3.2

Action                   |  1- 3 |  4- 6 || total
-------------------------+-------+-------++-------
Melee: Spear             |   247 |   357 ||   604
       Tailslap          |    21 |     4 ||    25
 Fire: Hunting sling     |    87 |     6 ||    93
  Use: Potion            |       |     1 ||     1
  Eat: Chunk             |     1 |    10 ||    11
Armor: Leather armour    |     5 |       ||     5
       Ring mail         |    20 |    12 ||    32
       Chain mail        |       |    97 ||    97
       Scale mail        |       |    79 ||    79
Dodge: Dodged            |    43 |   161 ||   204

Table legend:
 A = Non-vault XP
 B = Vault XP
 C = Vault XP percentage of total XP
 D = Non-vault monster count
 E = Vault monster count
 F = Vault count percentage of total count
                 A         B        C        D         E       F
            +---------+---------+-------+---------+---------+-------
      Total |     285 |     102 |  26.4 |      71 |      10 |  12.3
            +---------+---------+-------+---------+---------+-------
        D:1 |      51 |       0 |   0.0 |      26 |       0 |   0.0
        D:2 |     156 |       7 |   4.3 |      23 |       2 |   8.0
        D:3 |      78 |      95 |  54.9 |      22 |       8 |  26.7
            +---------+---------+-------+---------+---------+-------
